 Dungeon Crawl Stone Soup version 0.21-a0-41-g5e91fef (webtiles) character file.

138 HAL9000 the Sneak (level 5, 0/26 HPs)
             Began as a Vine Stalker Assassin on June 4, 2017.
             Slain by Duffy's ghost (14 damage)
             ... on level 3 of the Dungeon.
             The game lasted 00:06:25 (2590 turns).

HAL9000 the Sneak (Vine Stalker Assassin)           Turns: 2590, Time: 00:06:26

Health: 0/26       AC:  3    Str: 14    XL:     5   Next: 21%
Magic:  0/6        EV: 11    Int: 11    God:
Gold:   116        SH:  0    Dex: 16    Spells: 4/4 levels left

rFire    . . .     SeeInvis .   a - +2 dagger
rCold    . . .     Gourm    .   (no shield)
rNeg     . . .     Faith    .   c - +0 robe
rPois    +         Spirit   +   (no helmet)
rElec    .         Reflect  .   A - +0 cloak {rPois}
rCorr    +         Harm     .   (no gloves)
MR       .....                  (no boots)
Stlth    +++.......             (no amulet)
Regen    0.5/turn               u - ring of poison resistance
MPRegen  0.1/turn               y - ring of resist corrosion

@: no status effects
A: fangs 2, regeneration 1, magic shield, antimagic bite, no potion heal 3, rot
immunity
a: no special abilities


You were on level 3 of the Dungeon.
You were not hungry.

You visited 1 branch of the dungeon, and saw 3 of its levels.

You collected 116 gold pieces.

Inventory:

Hand Weapons
 a - a +2 dagger (weapon)
 b - a +0 blowgun
Missiles
 e - 8 poisoned needles
 f - 2 curare-tipped needles
 p - 3 tomahawks (quivered)
Armour
 c - a +0 robe (worn)
 A - a +0 cloak of poison resistance (worn)
Jewellery
 u - a ring of poison resistance (left hand)
 y - a ring of resist corrosion (right hand)
Scrolls
 o - 2 scrolls of teleportation {unknown}
 r - a scroll of enchant armour {unknown}
 v - a scroll of remove curse {unknown}
 w - 3 scrolls of recharging {unknown}
 C - 2 scrolls of magic mapping {unknown}
Potions
 h - 2 potions of degeneration {unknown}
 i - a potion of haste
 m - a potion of magic
 t - a potion of brilliance {unknown}
 x - a potion of mutation {unknown}
 z - 2 potions of heal wounds {unknown}
Comestibles
 g - 2 bread rations
 k - 3 royal jellies
 n - a meat ration


   Skills:
 + Level 2.2 Fighting
 + Level 4.5 Short Blades
 - Level 1.7 Throwing
 - Level 0.7 Dodging
 - Level 4.8 Stealth


You had 4 spell levels left.
You didn't know any spells.

Dungeon Overview and Level Annotations

Branches:
Dungeon (3/15)

Altars:
Vehumet
Xom

Annotations:
D:3 Duffy's ghost, amateur FoFi


Innate Abilities, Weirdness & Mutations

You have extremely sharp teeth.
Your natural rate of healing is unusually fast.
When hurt, damage is shared between your health and your magic reserves.
Your bite disrupts and absorbs the magic of your enemies.
Potions cannot restore your health.
You are immune to rotting.


Message History

There is an escape hatch in the ceiling here.
You start resting.
You start to feel less resistant.
You feel yourself slow down.
Duffy's ghost is too close now for your liking.
Duffy's ghost is nearby!
Your resistance to elements expires.
You hit Duffy's ghost.
You bite Duffy's ghost, but do no damage.
Duffy's ghost is moderately damaged.
You hit Duffy's ghost but do no damage.
You bite Duffy's ghost, but do no damage.
Duffy's ghost is moderately damaged.
Duffy's ghost hits you!
Ouch! That really hurt!
You hit Duffy's ghost. Your bite misses Duffy's ghost.
Duffy's ghost is moderately damaged.
Duffy's ghost hits you!
Ouch! That really hurt!
You die...

########### ######
#.........##### .....#
#.#####.......# ####.# #.#
#.#.###.# #.# #.# ###.#.###.#
####.######.###...<...#.#
........>....##.#.#.#.#.###
.###.###.##...#.#.#.#.#.#.##
.# #.##...##....@...#.#....##
.#####.....####W#...........##
....#.......#...#####........#
##......_.....### ###.....##
#†##.......### ##.^.##
##.###.....#### ##.## w..#
##...##..## ### #.#
..######.##....## ##.###.#
.....##.........####...##.#


You could see Duffy's ghost.

Vanquished Creatures
  6 adders
  An ooze (D:1)
  A worm (D:2)
  4 dart slugs
  6 leopard geckos
  An orc (D:3)
  3 giant cockroaches
  7 goblins (D:1)
  4 hobgoblins
  4 jackals (D:3)
  5 kobolds
  2 quokkas (D:2)
  3 ball pythons
  6 bats
  3 frilled lizards (D:1)
  7 rats
63 creatures vanquished.

Notes
Turn   | Place    | Note
-------+----------+-------------------------------------------
     0 | D:1      | HAL9000 the Vine Stalker Assassin began the quest for the Orb.
     0 | D:1      | Reached XP level 1. HP: 11/11 MP: 2/2
   105 | D:1      | Reached XP level 2. HP: 5/15 MP: 1/3
   658 | D:1      | Reached XP level 3. HP: 18/18 MP: 4/4
  1746 | D:2      | Gained mutation: Your natural rate of healing is unusually fast. [Vine Stalker growth]
  1746 | D:2      | Reached XP level 4. HP: 9/23 MP: 5/5
  1992 | D:2      | Found a shimmering altar of Xom.
  2329 | D:3      | Reached XP level 5. HP: 26/26 MP: 6/6
  2342 | D:3      | Found a radiant altar of Vehumet.
  2484 | D:3      | Noticed Duffy's ghost (amateur FoFi)
  2590 | D:3      | Slain by Duffy's ghost

Vault maps used:
D:1:      dpeg_arrival_arbitrary_a
D:2:      xom_teletrap_fun
D:3:      regret_index_temple_of_mockery, lemuel_round_altar, first_bread

Skill      XL: |  1  2  3  4 |
---------------+-------------+-----
Short Blades   | 2 3 4 |  4.5
Fighting       | 2 |  2.2
Throwing       | |  1.7
Dodging        | |  0.7
Stealth        | |  4.8

Action                   |  1- 3 |  4- 6 || total
-------------------------+-------+-------++-------
Melee: Dagger            |   114 |    88 ||   202
       Bite              |    29 |    18 ||    47
  Use: Scroll            |       |     3 ||     3
       Potion            |       |     2 ||     2
 Stab: Sleeping          |     5 |     6 ||    11
  Eat: Chunk             |     3 |     2 ||     5
Armor: Robe              |    34 |    16 ||    50
Dodge: Dodged            |    77 |    49 ||   126
